AoeStats
← BattlePONY 775

Arena

510024456Analyzed
4v4 RM · 3d ago on Sep 29, 2026· 58m 6s· 8 players
Game mode
Random Map
Map size
Large (8 player)
Population
200
Speed
Normal
Resources
Standard
Victory
Conquest
Starting age
Dark Age
Ending age
Imperial Age
RankedLock teamsTeams togetherTeam positionsShared explorationLock speedFull tech treeHidden civsTurbo modeCheats
Victory
Defeat
🇨🇱 Saxons · Chile
801
+10
🇺🇸 Bohemians · United States
722
+13
🇦🇺 Huns · Australia
654
+16
🇺🇸 Maya · United States
446
+25
🇦🇷 Bohemians · Argentina
687
-16
🇵🇪 Mongols · Peru
669
-17
🇦🇷 Persians · Argentina
649
-16
🇦🇷 Berbers · Argentina
638
-15
MarvinOoo ツ
4:56 Loom
11:23 Feudal Age
11:51 Double-Bit Axe
11:52 Horse Collar
15:59 Stone Mining
16:01 Gold Mining
19:07 Castle Age
20:48 Bow Saw
20:41 Heavy Plow
22:31 Man-at-Arms
25:11 Man-at-Arms
27:57 Forging
27:49 Padded Archer Armor
28:39 Gold Shaft Mining
29:04 Husbandry
29:44 Nomads
35:47 Imperial Age
35:43 Scale Barding Armor
38:11 Conscription
40:51 Bloodlines
45:07 Wheelbarrow
44:19 Town Watch
46:13 Cavalier
bloodyknive
14:16 Feudal Age
14:22 Feudal Age
16:08 Wheelbarrow
15:24 Horse Collar
15:31 Double-Bit Axe
23:00 Castle Age
21:10 Gold Mining
21:10 Stone Mining
25:32 Gold Shaft Mining
24:50 Stone Mining
25:04 Heavy Plow
25:21 Hand Cart
25:19 Bow Saw
26:56 Thumb Ring
28:33 Husbandry
37:10 Bloodlines
40:52 Imperial Age
41:27 Stone Shaft Mining
42:12 Heavy Camel Rider
44:12 Elite Genitour
44:15 Elite Camel Archer
47:43 Maghrebi Camels
47:45 Kasbah
51:37 Pikeman
Potok45
0:42 Loom
10:54 Feudal Age
11:43 Double-Bit Axe
11:50 Horse Collar
20:41 Castle Age
19:50 Padded Archer Armor
31:50 Imperial Age
30:02 Wheelbarrow
30:52 Ballistics
30:50 Bow Saw
Fahrmut
14:28 Feudal Age
19:22 Castle Age
17:37 Gold Mining
17:37 Double-Bit Axe
17:34 Horse Collar
20:17 Bow Saw
20:11 Heavy Plow
26:42 Wheelbarrow
29:33 Imperial Age
27:35 Forging
27:31 Scale Barding Armor
27:54 Kamandaran
28:21 Crossbowman
29:14 Thumb Ring
32:30 Hand Cart
33:23 Chemistry
33:48 Crop Rotation
34:30 Elite War Elephant
35:36 Stone Mining
42:06 Masonry
45:06 Gold Shaft Mining
51:41 Fletching
51:52 Padded Archer Armor
52:13 Chain Barding Armor
52:29 Iron Casting
salama20
0:52 Loom
12:39 Feudal Age
16:35 Wheelbarrow
19:05 Town Watch
23:29 Castle Age
22:18 Scale Mail Armor
22:28 Forging
22:44 Arson
24:56 Squires
26:07 Double-Bit Axe
26:06 Horse Collar
27:32 Eagle Warrior
29:24 Gold Mining
29:28 Stone Mining
32:24 Iron Casting
32:05 Chain Mail Armor
34:35 Coinage
34:24 Heavy Plow
34:38 Bow Saw
35:12 Thumb Ring
34:29 Elite Skirmisher
41:17 Imperial Age
40:34 Hand Cart
40:23 Treadmill Crane
43:11 Town Patrol
43:45 Plate Mail Armor
43:59 Stone Shaft Mining
44:37 Elite Eagle Warrior
48:21 Holcans
51:14 Guilds
55:00 Elite Plumed Archer
57:51 Blast Furnace
56:44 Fletching
56:55 Padded Archer Armor
58:31 Banking
BattlePONY 775
10:21 Feudal Age
10:49 Town Watch
10:52 Horse Collar
11:00 Double-Bit Axe
15:47 Man-at-Arms
22:22 Castle Age
23:50 Wheelbarrow
26:49 Murder Holes
29:45 Ballistics
29:24 Fletching
32:43 Imperial Age
30:03 Loom
29:50 Long Swordsman
31:28 Squires
34:51 Bow Saw
34:44 Heavy Plow
41:05 Pikeman
41:49 Bodkin Arrow
41:55 Scale Mail Armor
43:02 Two-Man Saw
42:25 Hand Cart
42:42 Fortified Wall
43:33 Chemistry
43:07 Caravan
43:37 Capped Ram
45:16 Chain Mail Armor
45:02 Bracer
47:46 Halberdier
56:07 Elite Hussite Wagon
Carrizuwu
9:58 Feudal Age
11:28 Double-Bit Axe
17:39 Castle Age
17:14 Gold Mining
19:15 Man-at-Arms
20:36 Scale Mail Armor
21:21 Squires
21:53 Loom
24:43 Fletching
27:10 Forging
29:21 Bow Saw
30:19 Long Swordsman
31:56 Bodkin Arrow
33:00 Gambesons
34:36 Gold Shaft Mining
35:01 Wheelbarrow
37:30 Imperial Age
36:45 Town Watch
38:09 Pikeman
38:10 Two-Handed Swordsman
39:34 Halberdier
41:52 Iron Casting
41:33 Chain Mail Armor
41:02 Champion
46:21 Plate Mail Armor
45:52 Bracer
47:38 Hand Cart
47:24 Town Patrol
49:18 Conscription
49:08 Caravan
49:52 Ballistics
50:33 Chemistry
53:09 Ballistics
53:49 Chemistry
23a.mora
11:18 Feudal Age
11:45 Double-Bit Axe
11:53 Gold Mining
11:55 Stone Mining
11:49 Horse Collar
20:27 Castle Age
20:55 Wheelbarrow
21:24 Heavy Plow
22:03 Gold Shaft Mining
21:45 Bow Saw
23:01 Forging
22:52 Scale Mail Armor
25:25 Fervor
26:08 Caravan
26:45 Hand Cart
27:44 Iron Casting
32:54 Imperial Age
30:37 Scale Barding Armor
32:48 Marauders
35:00 Chain Barding Armor
35:41 Blast Furnace
35:49 Two-Man Saw
35:42 Atheism
35:46 Conscription
35:20 Elite Tarkan
36:06 Husbandry
38:13 Plate Barding Armor
47:19 Light Cavalry
48:38 Town Watch
48:42 Loom
49:16 Chain Mail Armor
48:51 Fletching
49:02 Padded Archer Armor
Connection lost

Rejoining the realm…

Still unreachable

The connection could not be restored.

Session expired

The server has moved on; the page needs a fresh start.